Map: Oxide LE

Players

TheMan

  • Race: Protoss Protoss
  • League: Master
  • Spawn Location: 1:00

ViBE - Winner!

  • Race: Zerg Zerg
  • League: Gold
  • Spawn Location: 7:00

VOD

Have the link to the VOD?

Description

Time

  • Played on: March 23, 2021, 8:18 p.m.
  • Length: 16:58
Show
View Real Time Build Order
Export as new Build Order

TheMan Protoss 

Build Orders: 1 Gate Expand, Colossus Rush 

Get SALT Encoding   

  12  0:00  Probe  
  13  0:12  Probe  
  14  0:18  Pylon  
  14  0:27  Probe  
  15  0:36  Gateway  
  15  0:39  Probe  
  16  0:51  Probe  
  17  1:09  Probe  
  18  1:16  Nexus  
  18  1:26  Cybernetics Core  
  18  1:28  Probe  
  19  1:34  Assimilator  
  19  1:45  Probe  
  20  1:49  Assimilator  
  20  2:01  Probe  
  21  2:02  Gateway  
  21  2:13  Probe  
  21  2:14  Warp Gate (Chrono Boost)  
  22  2:28  Probe  
  23  2:31  Probe  
  23  2:32  Pylon  
  23  2:34  Stalker (Chrono Boost)  
  26  2:40  Probe  
  26  2:43  Probe  
  28  2:51  Stalker (Chrono Boost)  
  30  2:53  Probe  
  30  2:55  Probe  
  32  3:04  Robotics Facility  
  32  3:07  Probe  
  32  3:12  Probe  
  34  3:24  Gateway  
  34  3:25  Probe  
  34  3:27  Probe  
  36  3:32  Assimilator  
  36  3:37  Probe  
  36  3:39  Probe, Stalker x2  
  42  3:46  Pylon  
  42  3:49  Probe  
  42  3:51  Probe  
  42  3:53  Observer  
  45  4:05  Robotics Bay  
  45  4:07  Probe  
  46  4:11  Probe, Assimilator  
  47  4:23  Probe  
  48  4:25  Probe  
  48  4:27  Stalker  
  48  4:28  Stalker  
  53  4:36  Pylon  
  53  4:41  Probe, Pylon x2  
  53  4:44  Pylon  
  54  4:54  Probe, Pylon  
  55  5:01  Probe  
  55  5:03  Extended Thermal Lance (Chrono Boost)  
  55  5:06  Probe  
  57  5:07  Pylon  
  57  5:09  Forge  
  57  5:12  Stalker x3  
  57  5:13  Probe  
  64  5:18  Probe  
  65  5:25  Colossus (Chrono Boost)  
  71  5:48  Robotics Facility  
  71  5:49  Stalker  
  73  5:50  Stalker  
  73  5:52  Stalker  
  77  6:06  Immortal (Chrono Boost)  
  81  6:15  Nexus  
  81  6:18  Photon Cannon  
  81  6:20  Photon Cannon  
  81  6:26  Pylon  
  81  6:36  Pylon  
  81  6:38  Colossus (Chrono Boost)  
  81  6:39  Probe, Pylon  
  82  6:42  Colossus (Chrono Boost)  
  94  6:56  Protoss Ground Weapons Level 1 (Chrono Boost)  
  94  6:59  Robotics Bay  
  94  7:04  Forge  
  94  7:13  Probe  
  94  7:14  Twilight Council  
  95  7:20  Probe  
  96  7:25  Probe  
  96  7:26  Observer (Chrono Boost), Immortal (Chrono Boost)  
  102  7:36  Probe  
  102  7:40  Immortal (Chrono Boost)  
  106  7:49  Protoss Ground Armor Level 1 (Chrono Boost)  
  106  7:53  Probe  
  106  7:54  Probe  
  108  8:02  Blink  
  108  8:16  Probe  
  108  8:17  Stalker  
  108  8:18  Stalker x2  
  115  8:24  Gateway  
  115  8:28  Photon Cannon  
  115  8:30  Photon Cannon  
  115  8:31  Photon Cannon  
  115  8:37  Photon Cannon  
  115  8:38  Probe  
  115  8:40  Probe, Photon Cannon x2  
  117  8:41  Photon Cannon  
  117  8:46  Probe  
  118  8:50  Pylon  
  118  8:51  Probe  
  118  8:52  Stalker  
  118  8:53  Pylon, Stalker x2  
  125  8:57  Assimilator  
  125  9:07  Pylon  
  125  9:15  Photon Cannon  
  125  9:17  Photon Cannon  
  125  9:20  Probe x2  
  127  9:25  Protoss Ground Weapons Level 2 (Chrono Boost)  
  127  9:32  Probe  
  127  9:39  Colossus (Chrono Boost)  
  127  9:40  Colossus (Chrono Boost)  
  139  9:57  Pylon  
  139  10:02  Protoss Ground Armor Level 2 (Chrono Boost)  
  139  10:08  Charge  
  139  10:11  Stargate x2  
  138  10:24  Stalker x2  
  138  10:25  Stalker x2  
  101  10:55  Stalker  
  101  10:56  Stalker x2  
  99  11:08  Colossus (Chrono Boost)  
  99  11:09  Nexus  
  111  11:12  Phoenix  
  111  11:15  Colossus (Chrono Boost)  
  113  11:35  Assimilator  
  113  11:40  Assimilator  
  113  11:43  Stalker x3  
  113  11:44  Assimilator  
  119  11:49  Phoenix  
  119  11:51  Pylon  
  121  11:59  Observer (Chrono Boost)  
  122  12:02  Colossus  
  122  12:07  Gateway  
  128  12:09  Gateway  
  128  12:15  Stalker  
  128  12:16  Stalker x2  
  128  12:20  Phoenix  
  136  12:28  Probe  
  127  12:39  Zealot x3  
  111  12:56  Observer  
  112  13:06  Void Ray x2 (Chrono Boost)  
  112  13:07  Zealot x5  
  112  13:12  Colossus  
  128  13:17  Colossus  
  142  13:20  Protoss Ground Weapons Level 3  
  142  13:34  Probe  
  143  13:51  Zealot x3  
  143  13:52  Zealot x2  
  153  14:16  Pylon  
  153  14:20  Pylon  
  153  14:23  Photon Cannon  
  153  14:25  Photon Cannon, Pylon  
  153  14:29  Photon Cannon  
  153  14:31  Photon Cannon  
  115  14:38  Zealot x2  
  115  14:39  Zealot x3  
  103  14:59  Zealot x3  
  93  15:00  Zealot x2  
  85  15:16  Gateway  
  85  15:17  Gateway  
  85  15:20  Gateway  
  85  15:23  Gateway, Stalker x4  
  85  15:28  Nexus  
  93  15:36  Nexus  
  93  15:37  Colossus (Chrono Boost)  
  93  15:38  Colossus (Chrono Boost)  
  97  16:05  Stalker x3  
  97  16:06  Stalker x2  
  101  16:17  Stalker  
  101  16:18  Stalker x2  
  83  16:28  Zealot x3  
  83  16:29  Zealot  
  83  16:30  Zealot  
Show
View Real Time Build Order
Export as new Build Order

ViBE Zerg - Winner!

Build Orders: Hatch First 

Get SALT Encoding   

  12  0:00  Drone  
  13  0:13  Overlord  
  13  0:18  Drone  
  14  0:32  Drone x2  
  16  0:49  Hatchery  
  15  0:53  Drone  
  16  0:57  Drone  
  16  0:59  Drone  
  18  1:14  Spawning Pool  
  18  1:16  Drone  
  18  1:21  Drone  
  19  1:29  Drone  
  20  1:32  Extractor  
  19  1:55  Drone  
  19  1:56  Drone  
  21  2:02  Drone x2  
  21  2:03  Queen x2  
  27  2:17  Overlord  
  27  2:25  Drone  
  27  2:29  Overlord  
  28  2:38  Drone  
  28  2:39  Drone x2  
  31  2:44  Lair  
  31  2:46  Queen  
  31  2:50  Drone  
  34  2:58  Drone  
  34  2:59  Drone x2  
  37  3:07  Overlord x2  
  37  3:23  Roach Warren  
  37  3:25  Drone x2, Evolution Chamber  
  37  3:26  Drone x4  
  41  3:29  Drone  
  42  3:36  Overlord  
  42  3:45  Overlord  
  42  3:49  Drone x5  
  42  3:50  Drone  
  42  3:53  Extractor  
  42  3:54  Extractor, Zerg Missile Weapons Level 1  
  46  4:04  Drone x2  
  46  4:06  Glial Reconstitution  
  46  4:08  Overlord  
  48  4:10  Queen  
  48  4:14  Hatchery  
  49  4:29  Roach x4  
  49  4:30  Roach  
  59  4:33  Drone x3  
  62  4:44  Overlord  
  62  4:59  Drone x9  
  71  5:09  Drone  
  71  5:10  Drone  
  73  5:14  Hydralisk Den  
  73  5:17  Drone, Evolution Chamber  
  73  5:19  Extractor  
  71  5:22  Drone  
  72  5:32  Drone  
  72  5:33  Drone x2  
  75  5:36  Extractor  
  75  5:38  Extractor  
  75  5:40  Drone x8  
  81  5:51  Hatchery  
  81  5:54  Drone x3  
  83  6:02  Drone x2  
  85  6:11  Zerg Missile Weapons Level 2  
  85  6:12  Zerg Ground Armor Level 1  
  85  6:13  Grooved Spines  
  85  6:14  Overlord x6  
  85  6:20  Hydralisk x2  
  89  6:42  Hydralisk x3  
  89  6:43  Hydralisk x11  
  117  6:50  Hydralisk x2  
  117  6:53  Overlord  
  117  6:54  Overlord  
  121  7:24  Drone, Muscular Augments  
  121  7:25  Drone x18  
  140  7:44  Overseer x2  
  140  7:46  Overlord x6  
  140  7:47  Hatchery  
  139  8:01  Infestation Pit  
  138  8:13  Drone  
  138  8:14  Hydralisk x5  
  138  8:15  Hydralisk x11  
  171  8:24  Extractor  
  171  8:25  Extractor  
  169  8:49  Hive  
  169  9:09  Hydralisk  
  169  9:10  Hydralisk x12  
  195  9:20  Hydralisk x2  
  199  9:24  Zerg Ground Armor Level 2  
  199  10:07  Zerg Missile Weapons Level 3, Lurker Den  
  152  10:43  Hatchery  
  125  10:52  Hydralisk x3  
  125  10:53  Hydralisk x27  
  149  11:05  Roach  
  149  11:06  Roach x7  
  149  11:11  Extractor  
  164  11:12  Extractor  
  163  11:24  Drone x3  
  163  11:25  Drone x4  
  170  11:34  Roach  
  170  11:35  Hydralisk x6, Roach x8  
  200  11:45  Zerg Ground Armor Level 3  
  200  12:08  Adaptive Talons  
  154  12:40  Roach x12  
  154  12:41  Hydralisk x10, Roach x9  
  186  12:44  Hydralisk x2  
  186  12:45  Hydralisk x5  
  174  13:01  Hydralisk x6  
  174  13:02  Hydralisk x3  
  174  13:05  Seismic Spines  
  188  13:33  Hydralisk  
  188  13:34  Hydralisk x5  
  190  13:36  Overseer  
  190  13:37  Overseer  
  200  14:00  Hatchery  
  195  14:33  Extractor  
  195  14:34  Drone x2  
  195  14:35  Extractor  
  195  14:37  Roach x13  
  195  14:38  Roach x6  
  197  14:39  Roach x3  
  197  14:43  Hydralisk x4  
  197  14:44  Hydralisk  
  147  15:15  Hydralisk  
  147  15:16  Hydralisk x25  
  199  15:22  Overseer  
  183  16:30  Roach x6  
  183  16:31  Roach x4  
Tags
 
Matchup
PvZ
Player
ViBE
Replay Pack
Gold_League
Spawn Locations
Cross Positions
Add a new tag
Caveats
  • Supply blocks, unpowered buildings, or Contaminate may cause inaccurate times.
  • Supply counts are checked every 10 seconds.